 Dungeon Crawl Stone Soup version 0.27.1-4-g1640c2035a (webtiles) character file.

Game seed: 1185546895533313888

343 Crownlay the Shield-Bearer (level 6, -12/47 HPs)
             Began as a Formicid Fighter on Nov 7, 2021.
             Mangled by Duvessa (17 damage)
             ... on level 4 of the Dungeon.
             The game lasted 00:04:09 (4210 turns).

Crownlay the Shield-Bearer (Formicid Fighter)       Turns: 4210, Time: 00:04:09

Health: -12/47     AC:  6    Str: 23    XL:     6   Next: 88%
Magic:  6/6        EV:  9    Int:  7    God:
Gold:   155        SH:  0    Dex: 16    Spells: 5/5 levels left

rFire    . . .     SeeInvis +   g - +3 hand axe (vorpal)
rCold    . . .     Faith    .   (no shield)
rNeg     . . .     Spirit   .   b - +0 scale mail
rPois    .         Reflect  .   (helmet unavailable)
rElec    .         Harm     .   (no cloak)
rCorr    .         Rampage  .   (no gloves)
Will     +....                  (no boots)
Stlth    ..........             (no amulet)
HPRegen  0.15/turn              a - +6 ring of dexterity
MPRegen  0.10/turn              i - ring of willpower

@: lethally poisoned (-12 -> -27)
A: permanent stasis, dig shafts and tunnels, antennae 3, four strong arms
a: Dig, Shaft Self


You were on level 4 of the Dungeon.
You visited 1 branch of the dungeon, and saw 4 of its levels.

You collected 155 gold pieces.

Inventory:

Hand Weapons
 g - a +3 vorpal hand axe (weapon)
Armour
 b - a +0 scale mail (worn)
 c - a +0 kite shield
Jewellery
 a - a +6 ring of dexterity (left hand)
 i - a ring of willpower (right hand)
Scrolls
 d - a scroll of vulnerability {unknown}
 e - 2 scrolls of magic mapping {unknown}
 j - a scroll of fear {unknown}
 k - 3 scrolls of identify {unknown}
 l - 4 scrolls of teleportation
 m - a scroll of summoning {unknown}
Potions
 f - a potion of heal wounds {unknown}
 h - 2 potions of curing


   Skills:
 - Level 3.2 Fighting
 * Level 5.6 Polearms
 - Level 3.2 Armour
 + Level 5.7 Shields


You had 5 spell levels left.
You didn't know any spells.
Your spell library was empty.

Dungeon Overview and Level Annotations

Branches:
Dungeon (4/15)
 Temple: D:4-7

Altars:
Dithmenos

Annotations:
D:3 2 transporters, Jaiteiro's ghost, amateur MiFi
D:4 1 runed translucent door, Dowan; Duvessa; hurston's ghost, amateur GrFi


Innate Abilities, Weirdness & Mutations

You cannot be hasted, slowed, berserked, paralysed or teleported.
You can dig through walls and to a lower floor.
You have a pair of large antennae on your head. (SInv)
Your four strong arms can wield two-handed weapons with a shield.


Message History

You hit Dowan but do no damage.
Dowan hits you with a +4 dagger of venom.
You barely miss Dowan. You hit Duvessa.
Duvessa is lightly wounded.
You hit the endoplasm.
You kill the endoplasm!
Dowan says, "Stay away from my face!"
You hit Duvessa.
Duvessa is moderately wounded.
You hit Dowan.
Dowan gestures at Duvessa while chanting.
Duvessa seems to speed up.
Duvessa hits you but does no damage.
You are electrocuted!
You hit Duvessa but do no damage.
Duvessa is moderately wounded.
You hit Dowan.
Duvessa says, "My weaknesses are his strengths!"
Duvessa hits you with a +0 short sword of electrocution.
Dowan hits you with a +4 dagger of venom.
You are poisoned.
Duvessa barely misses you.
You closely miss Dowan.
Dowan is heavily wounded.
You hit Duvessa.
You feel very sick.
Duvessa hits you with a +0 short sword of electrocution!
Dowan hits you with a +4 dagger of venom.
* * * LOW HITPOINT WARNING * * *
You are lethally poisoned!
Duvessa hits you but does no damage.
Dowan drinks a potion.
Dowan is healed!
You closely miss Duvessa.
Duvessa is heavily wounded.
You slash Dowan!
* * * LOW HITPOINT WARNING * * *
You feel very sick.
Duvessa hits you with a +0 short sword of electrocution.
* * * LOW HITPOINT WARNING * * *
You are electrocuted!
You die...

.........†.####.##............
.###........# .#...#.........
...........###...# .
.....#..##.......# ..
.#...##..#........#...
...##...#.....#......
...#....#....##...###
.......#...#....#.♣
.......#..@e....+W8
.....####e....#.♣ .....
......### ... ..........
........... ..........##
..........## .###........


You could see Duvessa (fast), Dowan and hurston's ghost.

Vanquished Creatures
  An ogre (D:4)
  A scorpion (D:2)
  Natasha (D:4)
  2 scorpion zombies (D:4)
  A hound zombie (D:4)
  3 adders (D:2)
  An adder skeleton (D:4)
  3 worms
  4 dart slugs
  An orc (D:4)
  6 ball pythons
  7 bats
  3 endoplasms
  3 giant cockroaches
  9 goblins
  3 hobgoblins
  3 quokkas
  6 frilled lizards
  6 kobolds
  4 rats
68 creatures vanquished.

Vanquished Creatures (others)
  2 gnolls (D:3)
  A ball python (D:3)
  A withered plant (D:4)
4 creatures vanquished.

Grand Total: 72 creatures vanquished

Notes
Turn   | Place    | Note
-------+----------+-------------------------------------------
     0 | D:1      | Crownlay the Formicid Fighter began the quest for the Orb.
     0 | D:1      | Reached XP level 1. HP: 18/18 MP: 1/1
   222 | D:1      | Found a faded altar of an unknown god.
   376 | D:1      | Reached XP level 2. HP: 5/24 MP: 2/2
  1043 | D:1      | Reached XP level 3. HP: 29/29 MP: 3/3
  1542 | D:2      | Noticed a scorpion
  1549 | D:2      | Killed a scorpion
  1550 | D:2      | Reached XP level 4. HP: 16/35 MP: 4/4
  1550 | D:2      | Reached XP level 5. HP: 19/41 MP: 5/5
  2038 | D:2      | HP: 3/61 [poisoned by an adder]
  2555 | D:3      | Reached skill level 5 in Shields
  2813 | D:3      | Found a transporter.
  2822 | D:3      | Noticed Jaiteiro's ghost (amateur MiFi)
  2844 | D:3      | Found a transporter.
  2991 | D:3      | Found a shadowy altar of Dithmenos.
  3570 | D:4      | Noticed an ogre
  3580 | D:4      | Killed an ogre
  3581 | D:4      | Reached skill level 5 in Polearms
  3581 | D:4      | Reached XP level 6. HP: 19/47 MP: 6/6
  4122 | D:4      | Noticed Natasha
  4127 | D:4      | Killed Natasha
  4199 | D:4      | Noticed Dowan
  4200 | D:4      | Found a runed translucent door.
  4200 | D:4      | Noticed hurston's ghost (amateur GrFi)
  4200 | D:4      | Noticed Duvessa
  4210 | D:4      | Mangled by Duvessa

Illustrated notes

Levels and vault maps discovered:
D:1:      dpeg_arrival_prison, layout_rooms, basic_ecumenical_altar
D:2:      layout_rooms, due_unseen_surprise
D:3:      layout_loops_corners, overflow_temple_1_default,
          gammafunk_ghost_stat_death, chequers_serial_rivers_marsh,
          lemuel_flame_loot_1
D:4:      layout_cave_pools, minmay_temple_entry_crystal_x,
          gammafunk_ghost_grave, serial_undead, serial_undead_b,
          serial_undead_e, serial_undead_d, serial_undead_d, uniq_eustachio,
          uniq_duvessa, uniq_natasha

Skill      XL: |  1  2  3  4  5 |
---------------+----------------+-----
Shields        | 4 5 |  5.7
Polearms       | 4 5 |  5.6
Fighting       | |  3.2
Armour         | |  3.2

Action                   |  1- 3 |  4- 6 || total
-------------------------+-------+-------++-------
Melee: Trident           |    37 |       ||    37
       Hand axe          |    63 |   108 ||   171
Throw: Throwing net      |       |     1 ||     1
 Abil: Dig               |       |     6 ||     6
  Use: Potion            |     1 |     2 ||     3
       Scroll            |       |     1 ||     1
Armor: Scale mail        |    46 |    51 ||    97
Dodge: Dodged            |    52 |    53 ||   105
